Map: Torri del crepuscolo

Players

Jhyrachy

  • Race: Zerg Zerg
  • League: Silver

rtfleg - Winner!

  • Race: Protoss Protoss
  • League: Gold

VOD

Have the link to the VOD?

Description

Time

  • Played on: Dec. 3, 2015, 3:45 p.m.
  • Length: 24:48
Show
View Real Time Build Order
Export as new Build Order

Jhyrachy Zerg 

Build Orders: Hatch First, Lurkers 

Get SALT Encoding   

  12  0:01  Drone  
  13  0:11  Drone  
  14  0:18  Overlord  
  14  0:37  Drone x3  
  17  0:59  Hatchery, Drone  
  17  1:03  Extractor  
  16  1:05  Drone  
  17  1:19  Spawning Pool  
  17  1:23  Drone  
  17  1:24  Drone  
  18  1:31  Overlord  
  18  1:50  Drone  
  19  2:00  Overlord  
  19  2:06  Metabolic Boost  
  19  2:08  Queen  
  21  2:40  Drone x2  
  21  2:41  Drone x3  
  21  2:42  Overlord  
  26  2:47  Pneumatized Carapace  
  26  2:52  Queen  
  28  3:11  Evolution Chamber  
  27  3:23  Zergling x10  
  27  3:24  Zergling x8  
  36  3:54  Zergling x14  
  37  4:43  Lair  
  34  5:08  Zerg Missile Weapons Level 1  
  34  5:10  Overlord x2  
  34  5:15  Drone x4  
  34  5:16  Drone  
  39  5:28  Extractor  
  38  5:29  Drone x3  
  41  5:43  Spine Crawler  
  41  5:47  Zergling x10, Spine Crawler  
  41  5:48  Zergling x6  
  47  6:03  Hydralisk Den  
  43  6:34  Muscular Augments  
  43  6:40  Extractor  
  42  6:51  Drone x3  
  42  6:53  Drone x3  
  48  7:26  Overseer  
  48  7:27  Hatchery  
  47  7:58  Zerg Missile Weapons Level 2  
  47  7:59  Hydralisk  
  47  8:00  Hydralisk x5  
  47  8:02  Overlord  
  47  8:03  Overlord x3  
  59  8:20  Queen  
  61  8:53  Hydralisk x7  
  61  8:54  Hydralisk x6  
  87  9:00  Extractor  
  85  10:06  Hydralisk x6  
  91  10:09  Overlord x4  
  97  10:15  Zerg Ground Armor Level 1  
  97  10:22  Lurker Den  
  97  10:42  Hatchery  
  96  10:48  Extractor  
  95  11:05  Spire  
  94  11:24  Roach Warren  
  93  12:06  Roach  
  93  12:07  Roach x16  
  93  12:08  Roach x4  
  135  12:13  Zerg Ground Armor Level 2  
  135  12:31  Glial Reconstitution  
  135  12:59  Overlord  
  135  13:00  Overlord x3  
  135  13:13  Burrow  
  135  13:17  Queen  
  137  13:29  Lurker x6  
  137  13:30  Lurker  
  144  14:08  Extractor  
  143  14:11  Corruptor x3  
  143  14:14  Extractor  
  148  14:17  Drone  
  148  14:18  Drone x2  
  148  14:19  Drone x2  
  148  14:20  Drone  
  148  14:24  Drone x4  
  158  14:55  Overseer  
  158  14:57  Overseer  
  158  15:23  Tunneling Claws  
  158  15:39  Corruptor x4  
  166  15:43  Overlord x4  
  166  16:30  Roach x10  
  166  16:31  Roach x7  
  198  18:07  Roach  
  198  19:44  Hatchery  
  197  19:56  Zerg Melee Weapons Level 1  
  197  20:02  Hydralisk  
  197  20:04  Extractor  
  197  20:06  Extractor  
  197  20:07  Drone  
  197  21:24  Hydralisk  
  149  22:50  Corruptor  
  149  22:51  Corruptor x5  
  149  22:53  Roach  
  149  22:54  Roach x14  
  149  22:55  Roach x5  
  135  23:23  Hydralisk x14  
  135  23:24  Hydralisk x24  
  135  23:25  Hydralisk x12  
  109  24:02  Corruptor x7  
Show
View Real Time Build Order
Export as new Build Order

rtfleg Protoss - Winner!

Build Orders:  

Get SALT Encoding   

  12  0:01  Probe (Chrono Boost)  
  13  0:11  Probe (Chrono Boost)  
  14  0:22  Probe (Chrono Boost)  
  15  0:34  Pylon  
  15  0:39  Assimilator  
  15  0:46  Assimilator  
  15  0:52  Probe (Chrono Boost), Gateway  
  16  1:02  Probe (Chrono Boost)  
  17  1:12  Gateway  
  17  1:13  Probe (Chrono Boost)  
  17  1:16  Pylon  
  18  1:23  Probe (Chrono Boost)  
  19  1:34  Probe (Chrono Boost)  
  20  1:40  Cybernetics Core  
  20  1:44  Gateway  
  20  1:47  Probe (Chrono Boost)  
  21  1:58  Probe (Chrono Boost)  
  21  2:00  Zealot  
  25  2:08  Probe (Chrono Boost)  
  25  2:13  Zealot  
  27  2:19  Mothership Core (Chrono Boost)  
  27  2:20  Pylon  
  29  2:26  Pylon  
  29  2:32  Pylon  
  29  2:37  Pylon  
  29  3:03  Nexus  
  29  3:12  Pylon  
  29  3:20  Pylon  
  29  3:35  Twilight Council  
  29  3:41  Robotics Facility  
  29  4:06  Stalker  
  29  4:07  Stalker  
  33  4:10  Stalker  
  34  4:44  Stalker x3  
  40  5:14  Zealot x2  
  44  5:37  Probe x2 (Chrono Boost)  
  46  5:48  Probe x2 (Chrono Boost)  
  48  5:54  Pylon  
  48  5:55  Observer  
  49  5:58  Probe (Chrono Boost), Pylon  
  49  6:00  Pylon  
  49  6:03  Gateway  
  50  6:04  Pylon  
  50  6:06  Assimilator  
  50  6:10  Assimilator  
  50  6:17  Observer  
  51  6:37  Probe x2 (Chrono Boost)  
  53  6:47  Probe x2 (Chrono Boost)  
  55  6:58  Probe x2 (Chrono Boost)  
  55  6:59  Templar Archives  
  57  7:05  Zealot  
  57  7:06  Zealot x3  
  67  7:08  Probe x2 (Chrono Boost)  
  67  7:13  Dark Shrine  
  67  7:19  Probe x2 (Chrono Boost)  
  69  7:32  Robotics Bay  
  69  7:34  Psionic Storm  
  69  7:35  Robotics Facility  
  69  7:36  Pylon  
  69  7:41  Probe (Chrono Boost)  
  69  7:42  Probe (Chrono Boost)  
  71  7:52  Probe x2 (Chrono Boost)  
  72  8:02  Probe (Chrono Boost)  
  73  8:13  Forge  
  73  8:14  Forge  
  73  8:20  Forge  
  73  8:33  Colossus x2  
  85  8:38  Extended Thermal Lance  
  85  8:43  High Templar x3  
  85  8:45  Zealot  
  93  9:22  Zealot x2  
  93  9:23  Zealot x2  
  101  9:49  Zealot x2  
  101  9:50  Nexus  
  101  9:52  Assimilator  
  105  9:56  Assimilator  
  105  9:58  Protoss Ground Weapons Level 1, Protoss Ground Armor Level 1, Protoss Shields Level 1  
  105  9:59  Pylon  
  105  10:01  Pylon  
  105  10:02  Zealot x2  
  105  10:04  Pylon  
  109  10:07  Pylon  
  109  10:12  Pylon  
  109  10:16  Zealot  
  109  10:17  Zealot  
  113  10:24  Observer x2  
  115  10:29  Zealot  
  117  10:38  Stargate  
  117  10:40  Stargate  
  117  10:42  Stargate  
  117  10:43  Pylon x2  
  117  10:45  Pylon  
  117  11:06  Pylon  
  117  11:10  Pylon  
  117  11:18  Photon Cannon  
  117  11:21  Photon Cannon  
  117  11:24  Photon Cannon  
  117  11:39  Void Ray x2 (Chrono Boost)  
  125  11:40  Void Ray (Chrono Boost)  
  129  11:50  Zealot x2  
  129  11:51  Zealot x2  
  137  12:05  Photon Cannon  
  137  12:18  Probe  
  137  12:19  Probe x2  
  140  12:26  High Templar  
  140  12:27  High Templar x3  
  148  12:31  Probe  
  148  12:36  Photon Cannon  
  149  12:39  Photon Cannon  
  149  12:41  Photon Cannon  
  149  12:45  Photon Cannon  
  149  12:47  Protoss Ground Weapons Level 2 (Chrono Boost)  
  149  12:48  Protoss Ground Armor Level 2 (Chrono Boost)  
  149  12:54  Probe x3  
  152  13:34  Void Ray x3 (Chrono Boost)  
  164  13:39  Fleet Beacon  
  164  13:47  Cybernetics Core  
  164  13:50  Protoss Shields Level 2 (Chrono Boost)  
  164  14:18  Immortal x2  
  172  14:25  Stalker x4  
  180  14:33  Charge  
  180  14:55  Robotics Facility  
  180  14:58  Robotics Facility  
  180  15:00  Robotics Facility  
  180  15:05  Colossus  
  186  15:11  Colossus  
  191  15:14  Zealot  
  191  15:15  Zealot x3  
  199  16:05  Pylon x2  
  199  16:07  Pylon  
  199  16:34  Nexus  
  199  16:36  Assimilator  
  199  16:40  Assimilator  
  199  16:42  Pylon  
  199  16:46  Pylon  
  199  16:48  Pylon  
  199  16:52  Pylon  
  199  16:54  Pylon  
  199  17:22  Protoss Ground Weapons Level 3 (Chrono Boost)  
  199  17:23  Protoss Shields Level 3 (Chrono Boost), Protoss Ground Armor Level 3 (Chrono Boost)  
  199  17:24  Protoss Air Weapons Level 1  
  199  17:26  Protoss Air Armor Level 1  
  197  17:45  Gateway  
  197  17:47  Gateway  
  197  17:59  Graviton Catapult  
  197  18:13  Stargate  
  197  18:15  Stargate  
  197  18:18  Stargate  
  197  18:21  Stargate  
  191  19:52  Photon Cannon  
  191  19:56  Photon Cannon  
  191  19:58  Photon Cannon, Protoss Air Weapons Level 2 (Chrono Boost)  
  191  20:00  Photon Cannon, Protoss Air Armor Level 2 (Chrono Boost)  
  191  20:06  Photon Cannon  
  197  20:07  Photon Cannon  
  197  20:09  Photon Cannon  
  197  20:11  Photon Cannon  
  197  21:22  Observer x3  
  176  22:45  Carrier x3 (Chrono Boost)  
  176  22:46  Carrier (Chrono Boost)  
Tags
 
Add a new tag
Caveats
  • Supply blocks, unpowered buildings, or Contaminate may cause inaccurate times.
  • Supply counts are checked every 10 seconds.